[Event "*** Titled Tuesday Blitz"]
[Site "Chess.com"]
[Date "2021.02.09"]
[Round "2"]
[White "1800_strength"]
[Black "elohunter1999"]
[Result "1/2-1/2"]
[WhiteElo "2419"]
[BlackElo "2662"]
[TimeControl "180+1"]
[EndTime "10:18:36 PST"]
[Termination "Game drawn by agreement"]

1. Nc3 c5 2. e4 Nc6 3. f4 g6 4. Nf3 Bg7 5. Bc4 e6 6. f5 Nge7 7. fxe6 fxe6 8. d3 d5 9. Bb3 b5 10. O-O c4 11. exd5 exd5 12. dxc4 dxc4 13. Qxd8+ Nxd8 14. Nxb5 cxb3 15. Nc7+ Kd7 16. Nxa8 bxc2 17. Bf4 Rf8 18.
Bg3 Nf5 19. Ne5+ Bxe5 20. Bxe5 Ne6 21. g4 Ne3 22. Rxf8 Nxf8 23. Nc7 Nxg4 24. Bg3 Kc6 25. Rc1 Bf5 26. a4 Ne3 27. Nb5 Ne6 28. Bf2 Nc4 29. Nxa7+ Kd5 30. Nb5 Nxb2 31. Na3 Nf4 32. Rxc2 Bxc2 33. Nxc2 Nxa4 34. Be3 Ne6 35. Kf2 Ke4 36. Bh6 Nc3 37. Bd2 Nd5 38. Ne1 h5 39. Nf3 Kf5 40. Nh4+ Kf6 41. Nf3 g5 42. Bc1 g4 43.
Nh4 Nc5 44. Ng2 Nd3+ 45. Kg3 Nxc1 46. Kh4 Kg6 47. h3 gxh3 48. Kxh3 Nd3 49. Kh4 Ne5 50.
Kg3 Kg5 51. Kh3 Nf4+ 52. Nxf4 h4 53. Ne6+ Kh5 54. Ng7+ Kg5 55. Ne6+ 1/2-1/2

[Event "*** Titled Tuesday Blitz"]
[Site "Chess.com"]
[Date "2021.02.09"]
[Round "2"]
[White "sbouchet"]
[Black "anon102030"]
[Result "0-1"]
[WhiteElo "2337"]
[BlackElo "2736"]
[TimeControl "180+1"]
[EndTime "10:18:36 PST"]
[Termination "anon102030 won by resignation"]

1. e4 e5 2. Nc3 Nc6 3. g3 g6 4.
Bg2 Bg7 5. Nge2 d6 6. O-O f5 7. d3 Nf6 8. f4 O-O 9. h3 Be6 10.
Kh2 Qd7 11. Be3 Rae8 12. Qd2 d5 13. exd5 Nxd5 14. Nxd5 Bxd5 15. Bxd5+ Qxd5 16. Nc3 Qd7 17. Rae1 exf4 18. Bxf4 Nd4 19. Qg2 c6 20. Be3 Qd6 21.
Bxd4 Bxd4 22. Ne2 Bxb2 23. Rb1 Qe5 24. Ng1 Rf7 25. Nf3 Qf6 26. Rfe1 Rfe7 27. Qf2 Bc3 28. Rxe7 Qxe7 29. Kg2 b6 30. Rb3 Bf6 31. h4 Kg7 32. Rb1 Bc3 33. Rb3 Be5 34. Rb1 Bf6 35. Re1 Qd7 36. Re2 c5 37. Qe1 Rxe2+ 38. Qxe2 h6 39. Qe3 Qd5 40. c4 Qd7 41. Kh2 Qe7 42. Qf4 Qe2+ 43.
Kh1 Qxd3 44. Qc7+ Kf8 45. Qb8+ Kf7 46. Qxa7+ Kg8 47. Qa8+ Kh7 48. Qb7+ Bg7 49. Kg2 Qxc4 50. Qxb6 Qe2+ 51. Kh3 Qxf3 0-1

[Event "*** Titled Tuesday Blitz"]
[Site "Chess.com"]
[Date "2021.02.09"]
[Round "2"]
[White "aa175"]
[Black "champ2005"]
[Result "1-0"]
[WhiteElo "2603"]
[BlackElo "3016"]
[TimeControl "180+1"]
[EndTime "10:18:37 PST"]
[Termination "aa175 won by resignation"]

1. d4 Nf6 2. Bf4 c5 3. e3 Qb6 4. Nc3 e6 5. a3 Nc6 6. Nf3 a6 7.
Na4 Qa5+ 8. c3 cxd4 9. exd4 d6 10. b4 Qd8 11. c4 Be7 12. Bd3 O-O 13. Nc3 e5 14. dxe5 dxe5 15. Nxe5 Qd4 16. Ne2 Qd8 17. Nxc6 bxc6 18. O-O Be6 19. Qc2 c5 20. Rad1 Qb6 21. Be3 Ng4 22. Bxc5 Bxc5 23. Bxh7+ Kh8 24. bxc5 Qxc5 25.
Nf4 Bxc4 26. Rd5 Qc7 27. Rh5 Nf6 28. Rh4 g5 29. Qc3 Qe7 30. Nh5 gxh4 31. Nxf6 Qe6 32. Re1 Qb6 33. Nd5+ f6 34. Nxb6 Bf7 35. Bf5 Kg7 36.
Nxa8 Rxa8 37. Qh3 Rd8 38. Qxh4 Rd2 39. Qg3+ Kf8 40. h3 Rd4 41. Bg6 Bd5 42. Bf5 1-0

[Event "*** Titled Tuesday Blitz"]
[Site "Chess.com"]
[Date "2021.02.09"]
[Round "2"]
[White "rogapa"]
[Black "lelajavakhishvili"]
[Result "1/2-1/2"]
[WhiteElo "2741"]
[BlackElo "2494"]
[TimeControl "180+1"]
[EndTime "10:18:37 PST"]
[Termination "Game drawn by repetition"]

1. e4 d6 2. d4 Nf6 3. Nc3 g6 4. f4 Bg7 5. Nf3 Nc6 6. e5 dxe5 7. fxe5 Nd5 8. Bc4 Nb6 9. Bb3 O-O 10. Ne4 Na5 11. c3 Nxb3 12. axb3 a5 13. O-O f5 14. Nc5 h6 15. c4 e6 16. Bd2 a4 17. Nxa4 Nxa4 18.
Rxa4 Rxa4 19. bxa4 g5 20. Bb4 Rf7 21. d5 g4 22. Nd4 exd5 23. e6 Bxd4+ 24. Qxd4 Bxe6 25. Bc3 Kh7 26. Re1 Bc8 27. cxd5 Kg6 28. a5 Bd7 29. b4 Qg5 30. Qe5 Kh5 31. Qxc7 f4 32. Re5 Rf5 33. Qd6 f3 34. Rxf5 Bxf5 35. gxf3 gxf3+ 36.
Qg3 Qe3+ 37. Qf2 Qc1+ 38. Be1 Qg5+ 39. Qg3 Qe3+ 40. Qf2 Qg5+ 41. Qg3 Qe3+ 42. Qf2 Qg5+ 1/2-1/2

[Event "*** Titled Tuesday Blitz"]
[Site "Chess.com"]
[Date "2021.02.09"]
[Round "2"]
[White "Evgeny81"]
[Black "Brave_spirit12"]
[Result "1-0"]
[WhiteElo "2739"]
[BlackElo "2480"]
[TimeControl "180+1"]
[EndTime "10:18:37 PST"]
[Termination "Evgeny81 won by resignation"]

1. e4 e6 2. d4 d5 3. Nc3 Nf6 4. Bg5 Be7 5. e5 Nfd7 6. h4 h6 7. Bxe7 Qxe7 8. f4 a6 9. Nf3 c5 10. h5 Nc6 11. a3 b5 12. Ne2 Bb7 13. c3 c4 14. f5 Na5 15. Nf4 O-O-O 16. fxe6 Nb6 17.
exf7 Qxf7 18. g3 Na4 19. Qc2 Kb8 20. Rd1 Bc8 21. Bh3 Bxh3 22. Rxh3 Rhf8 23. Rd2 Nb3 24. Rf2 Qd7 25. Rh4 a5 26. Kf1 b4 27. axb4 axb4 28.
Kg2 bxc3 29. bxc3 Qf5 30. Qxf5 Rxf5 31. Rc2 Kb7 32. Rg4 Rf7 33. Rg6 Re7 34. Nh4 Rf7 35. e6 Rc7 36. Nf5 Nb6 37. e7 Re8 38. Rxb6+ Kxb6 39. Nxd5+ Kc6 40. Nxc7 Kxc7 41. d5 Kd7 42.
d6 Rg8 43. Ra2 Ke6 44. Ra7 Nc5 45. Nxg7+ 1-0

[Event "*** Titled Tuesday Blitz"]
[Site "Chess.com"]
[Date "2021.02.09"]
[Round "2"]
[White "AlexTriapishko"]
[Black "zacachess"]
[Result "1-0"]
[WhiteElo "2849"]
[BlackElo "2442"]
[TimeControl "180+1"]
[EndTime "10:18:37 PST"]
[Termination "AlexTriapishko won on time"]

1. d4 Nf6 2. c4 e6 3. Nc3 Bb4 4. f3 c5 5. a3 Bxc3+ 6. bxc3 d6 7. e4 e5 8. Bd3 Nc6 9. Ne2 O-O 10. O-O b6 11. d5 Na5 12. Ng3 Ba6 13. Nf5 Nh5 14.
f4 Nxf4 15. Bxf4 exf4 16. Rxf4 Bxc4 17. Qg4 g6 18. Bc2 Kh8 19. Nh6 f6 20. Re1 Qe7 21. Re3 Bb5 22. Qg3 Nc4 23. Ref3 Ne5 24. Rf2 Rae8 25. h4 Qg7 26. Ng4 Nxg4 27. Qxg4 Bd7 28.
Qf3 Re7 29. Rxf6 Rxf6 30. Qxf6 h6 31. Qxd6 Rf7 32. Rxf7 Qxf7 33. e5 Qf4 34. Qxd7 Qc1+ 35. Kh2 Qf4+ 36. Kh3 Qe3+ 37. g3 Qd2 38. Qe8+ 1-0

[Event "*** Titled Tuesday Blitz"]
[Site "Chess.com"]
[Date "2021.02.09"]
[Round "2"]
[White "verdest"]
[Black "kidagent"]
[Result "1-0"]
[WhiteElo "2471"]
[BlackElo "2269"]
[TimeControl "180+1"]
[EndTime "10:18:37 PST"]
[Termination "verdest won by resignation"]

1. d4 d5 2. c4 e6 3. Nc3 Nf6 4. cxd5 exd5 5. Bg5 Be7 6. e3 O-O 7. Bd3 b6 8. Qc2 h6 9. Bh4 Bb7 10. Nf3 Nbd7 11. O-O c5 12. Rad1 Rc8 13. Bf5 cxd4 14. Rxd4 Bc5 15. Bxd7 Qxd7 16. Bxf6 gxf6 17. Rh4 Kg7 18. Nd4 Bxd4 19. Rxd4 Rc4 20. Rfd1 Rfc8 21.
Qe2 Rxd4 22. Rxd4 Qf5 23. h3 Kh7 24. Rf4 Qe5 25. Qd3+ Kh8 26. Rh4 Qg5 27. Rg4 Qe5 28. Rd4 Rg8 29. b3 Qg5 30. Rg4 Qh5 31. Qd4 Qe5 32.
Rf4 Rc8 33. Nb5 Rc1+ 34. Kh2 Qxd4 35. Rxd4 Rc2 36. Nd6 Bc6 37. Nxf7+ Kg7 38. Nd8 Ba8 39. Kg3 Rxa2 40. Ne6+ Kf7 41. Nc7 Bb7 42. Nxd5 Rb2 43.
Nf4 Bc8 44. Rc4 Ba6 45. Rc7+ Kf8 46. Rxa7 Bf1 47. Ne6+ Kg8 48. Nd4 h5 49. h4 b5 50.
Rb7 Be2 51. Nxe2 Rxe2 52. Rxb5 Rb2 53. b4 Kg7 54. f3 Kg6 55. e4 Rb3 56. Kf4 Rb2 57.
g3 Rb3 58. Rb8 Kf7 59. b5 Rb4 60. b6 Ke6 61. b7 Kd7 62. Rh8 Rxb7 63. Rh7+ Kc6 64. Rxb7 Kxb7 65. Kf5 1-0

[Event "*** Titled Tuesday Blitz"]
[Site "Chess.com"]
[Date "2021.02.09"]
[Round "2"]
[White "DenLaz"]
[Black "oneshot007"]
[Result "0-1"]
[WhiteElo "2807"]
[BlackElo "2525"]
[TimeControl "180+1"]
[EndTime "10:18:39 PST"]
[Termination "oneshot007 won by resignation"]

1. d4 d5 2. c4 Nc6 3. Nf3 Bg4 4. cxd5 Bxf3 5. gxf3 Qxd5 6. e3 e5 7. Nc3 Bb4 8. Bd2 Bxc3 9. bxc3 Qd6 10. Rb1 O-O-O 11.
Qb3 b6 12. Qxf7 Nge7 13. Ba6+ Kb8 14. Qc4 Rhf8 15. Qe2 Ng6 16. Bd3 exd4 17. cxd4 Nf4 18. exf4 Nxd4 19. Qd1 Rfe8+ 20. Be3 Qd5 21. Be2 Qxa2 22.
Bd3 Qd5 23. Be2 Qa2 24. Bd3 Qa5+ 25. Kf1 Qh5 26. h4 Nf5 27. Kg1 Nxe3 28. fxe3 Rxe3 29. Rb3 Rexd3 30. Rxd3 Qg6+ 31. Kf2 Qxd3 32. Qxd3 Rxd3 33. h5 Rb3 34. Re1 Rb2+ 35. Kg3 a5 36. Re7 a4 37.
Rxg7 a3 38. Rg8+ Kb7 39. Kh3 a2 40. Rg1 Rb1 0-1

[Event "*** Titled Tuesday Blitz"]
[Site "Chess.com"]
[Date "2021.02.09"]
[Round "2"]
[White "Logman74"]
[Black "Goryachkina"]
[Result "0-1"]
[WhiteElo "2414"]
[BlackElo "2678"]
[TimeControl "180+1"]
[EndTime "10:18:39 PST"]
[Termination "Goryachkina won on time"]

1. e4 c5 2. Nf3 Nc6 3. Bb5 g6 4. O-O Bg7 5. Re1 Nf6 6. e5 Nd5 7. Nc3 Nc7 8. Bxc6 dxc6 9. d3 O-O 10. Bg5 Bg4 11. h3 Bxf3 12. Qxf3 Ne6 13. Be3 Bxe5 14. Bh6 Bg7 15. Bxg7 Kxg7 16. Re5 Nd4 17. Qg3 Nxc2 18. Rc1 Nd4 19. Rxc5 Qd6 20. Re5 Rad8 21. Rce1 Nf5 22. Qg4 Qxd3 23. Ne4 Rd5 24. Nc5 Qb5 25. b4 Rfd8 26.
Kh2 h5 27. Qf4 Qb6 28. a4 a5 29. Rxe7 Rxc5 30. bxc5 Qxc5 31. Rxb7 Rd4 32. Qc7 Qd5 33. Re5 Qc4 34. Re7 Nxe7 35. Qxe7 Qd5 36. f4 Qf5 37. Rb8 Qxf4+ 0-1

[Event "*** Titled Tuesday Blitz"]
[Site "Chess.com"]
[Date "2021.02.09"]
[Round "2"]
[White "googlegoom"]
[Black "Kale36"]
[Result "1-0"]
[WhiteElo "2554"]
[BlackElo "2258"]
[TimeControl "180+1"]
[EndTime "10:18:39 PST"]
[Termination "googlegoom won by checkmate"]

1. Nf3 Nc6 2. d4 d6 3. b3 Bg4 4. Bb2 f6 5. d5 Ne5 6. Nd4 c5 7. dxc6 Nxc6 8. h3 Bd7 9. e3 e5 10. Nf3 Nh6 11. Be2 Nf7 12. O-O Be7 13. c4 O-O 14. Nc3 Qc8 15. Nd5 Bd8 16. Rc1 Ne7 17.
e4 Nxd5 18. cxd5 Qb8 19. Qd2 Bb6 20. Ba3 Qd8 21. Rc2 Rc8 22. Rfc1 Rxc2 23. Rxc2 Qb8 24. Ne1 Rc8 25. Bg4 Rxc2 26. Qxc2 Bxg4 27. hxg4 Qc7 28. Kf1 Ng5 29. Qxc7 Bxc7 30. f3 g6 31. Nc2 h5 32.
gxh5 gxh5 33. Ne3 h4 34. Nf5 h3 35. gxh3 Nxf3 36. Bxd6 Bxd6 37. Nxd6 Ng5 38. h4 Nf3 39. Kf2 Nxh4 40. Nxb7 f5 41. exf5 Nxf5 42. Kf3 Kf7 43. b4 Kf6 44. Ke4 Ng3+ 45. Kd3 e4+ 46. Kd4 Kf5 47.
d6 Kf4 48. d7 Nf5+ 49. Kc3 e3 50. d8=Q e2 51. Qd2+ Kf3 52. Nc5 Ng3 53. Nd3 Ne4+ 54. Kc2 Nxd2 55. Kxd2 Ke4 56. Kxe2 Kd4 57. Kd2 Kc4 58.
Kc2 a6 59. a3 a5 60. bxa5 Kb5 61. Kb3 Kxa5 62. a4 Kb6 63. Kb4 Ka6 64. a5 Kb7 65. Kb5 Ka7 66. a6 Kb8 67. Kb6 Ka8 68. Nb4 Kb8 69.
Nd5 Ka8 70. Nc7+ Kb8 71. a7+ Kc8 72. a8=Q+ Kd7 73. Qe8+ Kd6 74. Qe6# 1-0

[Event "*** Titled Tuesday Blitz"]
[Site "Chess.com"]
[Date "2021.02.09"]
[Round "2"]
[White "EdmundPlayer"]
[Black "kai_nov"]
[Result "1/2-1/2"]
[WhiteElo "2160"]
[BlackElo "2398"]
[TimeControl "180+1"]
[EndTime "10:18:39 PST"]
[Termination "Game drawn by repetition"]

1. e4 c5 2. Nf3 Nc6 3. Bb5 e6 4. Bxc6 bxc6 5. d3 Ne7 6. O-O Ng6 7. Re1 Be7 8. Nc3 O-O 9. b3 e5 10. h3 d6 11. Nh2 f5 12. exf5 Bxf5 13. Ne4 Bh4 14.
Be3 d5 15. Ng3 d4 16. Bc1 Qd5 17. Nxf5 Rxf5 18. Re2 Raf8 19. g3 Be7 20. Bd2 h5 21. Qf1 h4 22. Qg2 hxg3 23. fxg3 Bg5 24. Bxg5 Rxg5 25.
Ng4 Rgf5 26. Rae1 Rf3 27. Kh2 R8f5 28. Nxe5 Nxe5 29. Rxe5 Rf2 30. Rxd5 cxd5 31. Re8+ Kf7 32. Ra8 Rxg2+ 33. Kxg2 Re5 34. Rxa7+ Kg6 35. Kf2 Rf5+ 36.
Ke2 Rh5 37. h4 Re5+ 38. Kf3 Rf5+ 39. Kg2 Re5 40. Kf2 Rf5+ 41. Ke1 Re5+ 42. Kf2 Rf5+ 43. Kg2 Re5 44. Kf2 1/2-1/2

[Event "*** Titled Tuesday Blitz"]
[Site "Chess.com"]
[Date "2021.02.09"]
[Round "2"]
[White "Kotofeyca"]
[Black "XDPS"]
[Result "1-0"]
[WhiteElo "2422"]
[BlackElo "2731"]
[TimeControl "180+1"]
[EndTime "10:18:40 PST"]
[Termination "Kotofeyca won on time"]

1. d4 d5 2. c4 e6 3. Nc3 Nf6 4.
cxd5 exd5 5. Bg5 c6 6. Qc2 h6 7. Bh4 Bd6 8. e3 O-O 9. Nf3 Re8 10. Bd3 Be6 11. O-O Nbd7 12. Rab1 a5 13. a3 Qb8 14. b4 axb4 15. axb4 b5 16. e4 dxe4 17. Nxe4 Nxe4 18. Bxe4 Ra6 19. Bg3 Bxg3 20. hxg3 Nf6 21. Rfe1 Nxe4 22.
Qxe4 Rd8 23. Rbc1 Bd5 24. Qe5 Qa7 25. Qe7 Qxe7 26. Rxe7 Bxf3 27. gxf3 Rxd4 28. Rc7 Rxb4 29. Re1 Rb3 30. Re8+ Kh7 31. Rxf7 c5 32. Ree7 Rg6 33.
Re5 c4 34. Rb7 c3 35. Rc5 Rg5 36. Rcc7 b4 37. f4 Rg4 38. f5 Rb2 39. f6 h5 40.
f7 Rb1+ 41. Kg2 Rg6 42. f8=Q 1-0

[Event "*** Titled Tuesday Blitz"]
[Site "Chess.com"]
[Date "2021.02.09"]
[Round "2"]
[White "awesomevishesh"]
[Black "Witik"]
[Result "0-1"]
[WhiteElo "2478"]
[BlackElo "2716"]
[TimeControl "180+1"]
[EndTime "10:18:41 PST"]
[Termination "Witik won on time"]

1. d4 d5 2. c4 e6 3. Nf3 c6 4. g3 Bd6 5. Bg2 f5 6. O-O Nf6 7. Qc2 O-O 8. Nc3 Qe7 9. Rb1 Nbd7 10.
a3 Ne4 11. b4 a5 12. c5 Bc7 13.
b5 e5 14. e3 Nxc3 15. Qxc3 e4 16. Nd2 a4 17. Qc2 Nf6 18. Re1 h5 19. b6 Bb8 20.
f4 exf3 21. Nxf3 Ne4 22. Bd2 g5 23. Re2 h4 24. gxh4 g4 25. Ne5 Qxh4 26. Rf1 Be6 27.
Rf4 Qh6 28. Be1 Bxe5 29. dxe5 Rf7 30. Bxe4 dxe4 31. Bg3 Rd7 32. Rf1 Rad8 33. Bf4 Qg6 34. Kg2 Qf7 35. Rff2 Qh7 36. Rd2 Qh3+ 37. Kg1 Rd3 38.
Rxd3 exd3 39. Qd2 Rd7 40. Bg3 Qh7 41. e4 fxe4 42. Rf6 e3 43. Qxe3 d2 44. Qg5+ Qg7 0-1

[Event "*** Titled Tuesday Blitz"]
[Site "Chess.com"]
[Date "2021.02.09"]
[Round "2"]
[White "PriSachu"]
[Black "Zhigalko_Sergei"]
[Result "0-1"]
[WhiteElo "2533"]
[BlackElo "2889"]
[TimeControl "180+1"]
[EndTime "10:18:42 PST"]
[Termination "Zhigalko_Sergei won on time"]

1. e4 c5 2. Nf3 Nc6 3. d4 cxd4 4. Nxd4 Nf6 5. Nc3 e5 6. Ndb5 d6 7. Bg5 a6 8. Na3 b5 9. Bxf6 gxf6 10. Nd5 Bg7 11. c3 f5 12. Bd3 Be6 13. Nxb5 axb5 14. Bxb5 Bd7 15. exf5 O-O 16. O-O e4 17. a4 Re8 18.
Qg4 Kh8 19. Rfe1 Re5 20. Ne3 Qf6 21. Rad1 Rd8 22. Nd5 Qh6 23. Ne3 Ree8 24. h4 Bf6 25. g3 Be5 26. Kf1 Rg8 27. Qxe4 Ne7 28. Bxd7 Rxd7 29.
Ng4 Rxg4 30. Qxg4 Qf6 31. a5 Nxf5 32. Kg2 Rd8 33. a6 Rg8 34. Qe4 Nxh4+ 35. Kf1 Bxg3 36. Re2 Be5 37. a7 Qg5 38. Ke1 Ng2+ 0-1

[Event "*** Titled Tuesday Blitz"]
[Site "Chess.com"]
[Date "2021.02.09"]
[Round "2"]
[White "Maksimus1998"]
[Black "IwkooO"]
[Result "0-1"]
[WhiteElo "2494"]
[BlackElo "2767"]
[TimeControl "180+1"]
[EndTime "10:18:42 PST"]
[Termination "IwkooO won by resignation"]

1. d4 Nf6 2. c4 e6 3. Nc3 Bb4 4. Qc2 O-O 5. Nf3 b6 6. e4 Bxc3+ 7. bxc3 d6 8. e5 dxe5 9. dxe5 Nfd7 10. Bd3 h6 11.
Bh7+ Kh8 12. Be4 c6 13. O-O Nc5 14. Rd1 Qc7 15. Ba3 Nba6 16. Qe2 Bb7 17. Bc2 Rfd8 18. Rd4 Rd7 19. Rad1 Rad8 20. h4 b5 21. h5 Kg8 22.
Bb1 Qa5 23. Bxc5 Nxc5 24. Qc2 Kf8 25. Rxd7 Rxd7 26. Rxd7 Nxd7 27. cxb5 cxb5 28. Qd3 Bd5 29. Qd4 Qb6 30. Qb4+ Qc5 31. Qa5 Qb6 32. Qb4+ Ke8 33. Be4 a5 34. Qb1 Qc5 35. Bxd5 Qxd5 36. Qh7 Nxe5 37.
Qh8+ Ke7 38. Nd4 b4 39. Qb8 bxc3 40. Qxe5 Qxe5 41. Nc6+ Kd6 0-1

[Event "*** Titled Tuesday Blitz"]
[Site "Chess.com"]
[Date "2021.02.09"]
[Round "2"]
[White "BigAl"]
[Black "Szparu"]
[Result "0-1"]
[WhiteElo "2467"]
[BlackElo "2690"]
[TimeControl "180+1"]
[EndTime "10:18:43 PST"]
[Termination "Szparu won on time"]

1. Nf3 c5 2. g3 Nc6 3. Bg2 d5 4. O-O e5 5. d3 Nf6 6. Bg5 h6 7. Bxf6 Qxf6 8. Nc3 Be6 9. Nd2 d4 10. Nd5 Qd8 11. c4 Bd6 12. a3 O-O 13. b4 cxb4 14. axb4 Nxb4 15. Nxb4 Bxb4 16. Bxb7 Rb8 17. Bg2 a5 18.
Qc2 Qe7 19. f4 exf4 20. Rxf4 Bc3 21. Rd1 Rb2 22. Qc1 Qb4 23. Ne4 Rxe2 24. Rh4 Qb2 25.
Qxb2 Bxb2 26. Nc5 Bf5 27. Rf4 Bg6 28. Bd5 Ba3 29. Ne4 a4 30. Ra1 Rb8 31. Rxa3 Rb1+ 32. Rf1 Rxf1+ 33. Kxf1 Re3 34. Rxa4 Rxd3 35. Nf2 Rc3 36.
Ra8+ Kh7 37. Rd8 d3 38. Be4 Rc1+ 39. Kg2 Bxe4+ 40. Nxe4 Rxc4 41. Kf3 Rc2 42. h4 d2 0-1

[Event "*** Titled Tuesday Blitz"]
[Site "Chess.com"]
[Date "2021.02.09"]
[Round "2"]
[White "chescomhuynya"]
[Black "Redzishchess"]
[Result "1-0"]
[WhiteElo "2469"]
[BlackElo "2262"]
[TimeControl "180+1"]
[EndTime "10:18:44 PST"]
[Termination "chescomhuynya won on time"]

1. d4 Nf6 2. c4 e6 3. Nf3 Bb4+ 4.
Nbd2 b6 5. g3 Bb7 6. Bg2 O-O 7.
O-O c5 8. a3 Bxd2 9. Qxd2 d6 10. b3 Nc6 11. dxc5 dxc5 12. Qc2 Qe7 13. Bb2 Rad8 14. Rad1 Rxd1 15. Rxd1 Rd8 16. e3 Rxd1+ 17. Qxd1 Qd7 18. Qc2 Ne8 19. h4 f6 20. h5 e5 21.
Nh4 Ne7 22. Bf1 Qc6 23. Bg2 Qd7 24. Bxb7 Qxb7 25. Qd3 Qc7 26. a4 Qd6 27. Qc2 Nc7 28. Kg2 Ne6 29. Bc3 Ng5 30. e4 a5 31. f3 Ne6 32. Kf2 Nd4 33. Qd1 g5 34. hxg6 hxg6 35.
Ng2 Nc8 36. Ne3 Nxb3 37. Qxb3 Qd3 38. Qc2 Qd6 39. Nd5 Ne7 40. Qb3 Nc6 41. Qxb6 Kg7 42. Bxa5 Qe6 43. Bc3 1-0

[Event "*** Titled Tuesday Blitz"]
[Site "Chess.com"]
[Date "2021.02.09"]
[Round "2"]
[White "Kaua18"]
[Black "PawnEatingZombie"]
[Result "1-0"]
[WhiteElo "2398"]
[BlackElo "2107"]
[TimeControl "180+1"]
[EndTime "10:18:44 PST"]
[Termination "Kaua18 won on time"]

1. d4 d5 2. Nf3 e6 3. Bf4 Bd6 4.
Bg3 Nf6 5. e3 c5 6. Nbd2 Qc7 7.
Bxd6 Qxd6 8. dxc5 Qxc5 9. c4 Nc6 10. cxd5 Nxd5 11. Be2 O-O 12. O-O Rd8 13. Rc1 Qe7 14.
Qc2 Bd7 15. Nc4 Rac8 16. Qb1 Be8 17. a3 f6 18. Rfd1 Bg6 19. Bd3 Bxd3 20. Qxd3 b5 21.
Ncd2 b4 22. axb4 Ncxb4 23. Qb1 e5 24. h4 Kh8 25. Ne4 a5 26. Ng3 Qa7 27. h5 Nxe3 28.
fxe3 Qxe3+ 29. Kh2 e4 30. Nh4 Nd3 31. Rxc8 Rxc8 32.
Qa2 Qf4 33. Nf5 Nf2 34. Rf1 Ng4+ 35. Kg1 Qd2 36. Qf7 Rg8 37. Nxe4 Qxb2 38. Neg3 Qb8 39. Qa2 Qb4 40. Rf3 Qc5+ 41. Kh1 1-0

[Event "*** Titled Tuesday Blitz"]
[Site "Chess.com"]
[Date "2021.02.09"]
[Round "2"]
[White "mbachez"]
[Black "GMJustin"]
[Result "0-1"]
[WhiteElo "2480"]
[BlackElo "2296"]
[TimeControl "180+1"]
[EndTime "10:18:45 PST"]
[Termination "GMJustin won by resignation"]

1. e4 e5 2. Nf3 Nc6 3. Bb5 a6 4. Ba4 Nf6 5. O-O Be7 6. d3 b5 7. Bb3 O-O 8. a3 Bb7 9. Nc3 h6 10. Bd2 d6 11. Nd5 Nxd5 12. exd5 Nb8 13. c4 Nd7 14.
Bc2 c6 15. dxc6 Bxc6 16. Re1 Rb8 17. b4 f5 18. Bc3 Bf6 19. d4 e4 20. Nd2 d5 21. cxb5 axb5 22. Bb3 Nb6 23. Nf1 Kh8 24.
Ng3 f4 25. Nh5 Bg5 26. Rc1 g6 27. h4 Bxh4 28. Bd2 e3 29. fxe3 Nc4 30. Bxc4 bxc4 31. Nxf4 Rxf4 32. exf4 Bxe1 33. Bxe1 Qf6 34. Bc3 Qxf4 35.
Rc2 Re8 36. Rd2 Re3 37. Ba1 Qe4 38. Kf1 c3 39. Rf2 Bb5+ 40. Kg1 Re1+ 41. Kh2 Rxd1 0-1

[Event "*** Titled Tuesday Blitz"]
[Site "Chess.com"]
[Date "2021.02.09"]
[Round "2"]
[White "Ekose"]
[Black "JasperBeukema"]
[Result "1-0"]
[WhiteElo "2600"]
[BlackElo "2315"]
[TimeControl "180+1"]
[EndTime "10:18:46 PST"]
[Termination "Ekose won by resignation"]

1. d4 d5 2. Nf3 Nf6 3. c4 e6 4. Nc3 Be7 5. Bg5 h6 6. Bh4 O-O 7. e3 Nbd7 8. cxd5 exd5 9. Qc2 Re8 10. Bd3 Nf8 11. O-O c6 12. Bxf6 Bxf6 13. b4 a6 14. a4 Bg4 15. Nd2 Qd6 16. b5 cxb5 17. axb5 a5 18. Na4 Rec8 19. Qb1 b6 20. Bf5 Bxf5 21. Qxf5 g6 22. Qh3 Kg7 23. Qg3 Qb4 24. Nf3 Nd7 25. h4 Qxb5 26. h5 g5 27. Nh4 Kh7 28.
Nf5 Qc6 29. Qf3 b5 30. Nc5 Nxc5 31. Rac1 Qb6 32. dxc5 Rxc5 33. Rxc5 Qxc5 34. Nxh6 Qc6 35.
Ng4 Ra6 36. Qf5+ Kg8 37. Rd1 Be7 38. Rxd5 b4 39. h6 Qg6 40. Qc8+ Kh7 41. Rd7 Rc6 42.
Qe8 Rc1+ 43. Kh2 Bd6+ 44. f4 Qh5+ 45. Kg3 Qh4+ 46. Kf3 Rf1+ 47. Ke4 Qh5 48. Rxf7+ Qxf7 49. Qxf7+ 1-0

[Event "*** Titled Tuesday Blitz"]
[Site "Chess.com"]
[Date "2021.02.09"]
[Round "2"]
[White "TigrVShlyape"]
[Black "PLAYER_2006_M"]
[Result "1-0"]
[WhiteElo "2844"]
[BlackElo "2520"]
[TimeControl "180+1"]
[EndTime "10:18:47 PST"]
[Termination "TigrVShlyape won on time"]

1. d4 Nf6 2. Nf3 e6 3. Bf4 c5 4.
e3 Nc6 5. Nbd2 d5 6. c3 Be7 7. Ne5 Nxe5 8. dxe5 Nd7 9. h4 Bxh4 10. Qg4 g5 11.
Bh2 h5 12. Qe2 g4 13. O-O-O Qa5 14. Bf4 Be7 15. Kb1 b6 16. f3 gxf3 17. Qxf3 h4 18. g3 Ba6 19. gxh4 O-O-O 20. h5 Rh7 21. e4 d4 22. Nb3 Qa4 23. Bxa6+ Qxa6 24. cxd4 c4 25.
Nc1 Kb7 26. h6 Rc8 27. Rhg1 c3 28. bxc3 Bf8 29. Nb3 Qb5 30. Qd3 Qa4 31. Ka1 b5 32. d5 Nc5 33. Nxc5+ Rxc5 34. d6 Rc8 35. Rb1 a6 36. Be3 Rd8 37. c4 b4 38. c5 a5 39.
Rgc1 Qc6 40. a3 Ra8 41. Ka2 Kc8 42. Qc4 Kd7 43. Rf1 Ke8 44. Rb2 Kd7 45. Rbf2 Ke8 46. Rxf7 Rxf7 47. Qxe6+ Re7 48. Qg6+ Kd7 49. h7 1-0

[Event "*** Titled Tuesday Blitz"]
[Site "Chess.com"]
[Date "2021.02.09"]
[Round "2"]
[White "vinniethepooh"]
[Black "korkmaz16"]
[Result "1-0"]
[WhiteElo "2751"]
[BlackElo "2409"]
[TimeControl "180+1"]
[EndTime "10:18:47 PST"]
[Termination "vinniethepooh won by resignation"]

1. d4 d5 2. c4 e5 3. dxe5 d4 4. Nf3 Nc6 5. a3 Nge7 6. b4 Ng6 7. Bb2 a5 8. b5 Ncxe5 9. Nxe5 Nxe5 10. Bxd4 Nxc4 11.
e3 Be6 12. Qc2 Nd6 13. Nd2 Qg5 14. Ne4 Nxe4 15. Qxe4 Qd5 16. Qc2 Qb3 17. Qxb3 Bxb3 18. Be2 f6 19. Bh5+ Bf7 20. Bxf7+ Kxf7 21. a4 Bd6 22.
Ke2 Rhc8 23. Rac1 Ke6 24. Rc4 c5 25. Bb2 b6 26. Rd1 Rd8 27. Re4+ Kf7 28. Rd5 Rac8 29. Rh5 h6 30. Rc4 Rd7 31. Rd5 Rcd8 32. g3 Ke6 33.
e4 Be5 34. Rxd7 Rxd7 35. Bxe5 fxe5 36. f4 Rd4 37. Rxd4 cxd4 38. Kd3 g5 39. fxe5 Kxe5 40.
g4 Kf4 41. Kxd4 Kxg4 42. e5 Kf5 43. Kd5 g4 44. e6 Kf6 45. Kd6 h5 46. e7 h4 47.
e8=Q Kf5 48. Qh5+ Kf4 49. Qxh4 Kf3 50. Qg3+ 1-0

[Event "*** Titled Tuesday Blitz"]
[Site "Chess.com"]
[Date "2021.02.09"]
[Round "2"]
[White "Pantata007"]
[Black "jens1102"]
[Result "0-1"]
[WhiteElo "2236"]
[BlackElo "2457"]
[TimeControl "180+1"]
[EndTime "10:18:47 PST"]
[Termination "jens1102 won on time"]

1. d4 d5 2. c4 e6 3. Nc3 Bb4 4. cxd5 exd5 5. Bf4 Nf6 6. e3 O-O 7. Bd3 c5 8. Ne2 Nc6 9. O-O c4 10. Bc2 Re8 11. Ng3 a6 12. Bg5 Be6 13. Qf3 Be7 14. Nf5 Bxf5 15. Qxf5 g6 16. Qf3 Nb4 17. Bb1 Rc8 18.
a3 Nd3 19. Bxd3 cxd3 20. Bxf6 Bxf6 21. Nxd5 Bg7 22. Nc3 Qb6 23. Rab1 Qb3 24. Qd1 Qc4 25. Qd2 Bh6 26. Rfd1 b5 27. Qxd3 Qe6 28. e4 Bg7 29.
e5 Red8 30. Qf3 Qc4 31. h3 a5 32. Qe2 b4 33. axb4 axb4 34. Qxc4 Rxc4 35. Nb5 Rd5 36. b3 Rc2 37. Nd6 f6 38. Kf1 fxe5 39. dxe5 Rxd1+ 40. Rxd1 Bxe5 41. Nc4 Bc3 42. Rd8+ Kf7 43. g3 Rc1+ 44.
Kg2 Rb1 45. Rd7+ Ke6 0-1

[Event "*** Titled Tuesday Blitz"]
[Site "Chess.com"]
[Date "2021.02.09"]
[Round "2"]
[White "MuhittinBuker"]
[Black "Pogosian_Manvel"]
[Result "0-1"]
[WhiteElo "2062"]
[BlackElo "2382"]
[TimeControl "180+1"]
[EndTime "10:18:47 PST"]
[Termination "Pogosian_Manvel won by checkmate"]

1. d4 Nf6 2. c4 e6 3. Nf3 d5 4. Nc3 Bb4 5. Bg5 h6 6. Bxf6 Qxf6 7. Qa4+ Nc6 8. e3 O-O 9. cxd5 exd5 10. a3 Bxc3+ 11. bxc3 Bd7 12. Qc2 a6 13. Bd3 Na5 14. O-O Nc4 15. Bxc4 dxc4 16. e4 b5 17. Rfe1 c5 18. d5 Bg4 19. Nd2 Qg6 20. Nf1 Rfe8 21. Ng3 h5 22. f3 Bd7 23. Qf2 h4 24. Nf1 Qf6 25. Rac1 Rac8 26. Ne3 Qf4 27. g3 hxg3 28. hxg3 Qf6 29. Kg2 Re5 30. g4 Qb6 31. Qg3 Rce8 32. Rh1 Qf6 33. Rh2 Kf8 34. Rh8+ Ke7 35. Rxe8+ Kxe8 36. Rh1 Ke7 37. Nf5+ Bxf5 38. gxf5 g6 39. Rh6 Kd7 40. Qh3 Kc7 41. Qg3 Kb6 42. Kf2 Ka5 43.
Kg2 Ka4 44. Qe1 Qg5+ 45. Kf2 Qxh6 46. Qd1+ Ka5 47. d6 Qh2+ 48. Ke3 gxf5 49. d7 f4# 0-1